 Dungeon Crawl Stone Soup version 0.21.1-1-g345015f (webtiles) character file.

1795 tidbits the Chiller (level 9, -9/65 HPs)
             Began as a Gnoll Ice Elementalist on Mar 23, 2018.
             Was a Follower of Cheibriados.
             Mangled by a troll (17 damage)
             ... on level 9 of the Dungeon.
             The game lasted 00:21:56 (2115 turns).

tidbits the Chiller (Gnoll Ice Elementalist)        Turns: 2115, Time: 00:21:57

Health: -9/65      AC:  3    Str: 12    XL:     9   Next: 9%
Magic:  3/18       EV: 17    Int: 22    God:    Cheibriados [*.....]
Gold:   201        SH:  0    Dex: 19    Spells: 6/20 levels left

rFire    + . .     SeeInvis .   a - +0 short sword
rCold    . . .     Gourm    .   (no shield)
rNeg     . . .     Faith    .   i - +0 robe
rPois    .         Spirit   .   (no helmet)
rElec    .         Reflect  .   (no cloak)
rCorr    .         Harm     .   (no gloves)
MR       .....                  F - +0 pair of boots
Stlth    +++.......             B - amulet of magic regeneration
HPRegen  0.20/turn              r - ring of protection from fire
MPRegen  0.41/turn              (no ring)

@: very slow
A: distributed training, fangs 1, strong nose
a: Bend Time, Renounce Religion


You were on level 9 of the Dungeon.
You worshipped Cheibriados.
Cheibriados was aware of your devotion.
You were hungry.

You visited 2 branches of the dungeon, and saw 10 of its levels.

You collected 349 gold pieces.
You spent 148 gold pieces at shops.

Inventory:

Hand Weapons
 a - a +0 short sword (weapon)
 b - a +1 flail of draining
   (You took it off Edmund on level 4 of the Dungeon)
 j - a +0 dagger of distortion
   (You took it off Jessica on level 3 of the Dungeon)
 y - a +0 hunting sling
 E - a +1 dagger of speed
   (You found it on level 5 of the Dungeon)
 K - a +0 rapier
Missiles
 g - 66 stones (quivered)
 m - 7 sling bullets
 C - 2 javelins
 M - 2 throwing nets {!f}
Armour
 e - a +1 shield
 i - a +0 robe (worn)
 F - a +0 pair of boots (worn)
 H - a +0 buckler
Jewellery
 r - a ring of protection from fire (left hand)
   (You found it on level 2 of the Dungeon)
 B - an amulet of magic regeneration (around neck)
   (You found it on level 4 of the Dungeon)
Wands
 d - a wand of paralysis (18)
 v - a wand of disintegration (12)
 G - a wand of enslavement (20)
 I - a wand of flame (37)
Scrolls
 h - 8 scrolls of teleportation
 k - a scroll of noise {unknown}
 l - 3 scrolls of remove curse
 q - a scroll of fog
 s - a scroll of amnesia
 t - a scroll of enchant weapon
 w - a scroll of random uselessness
 x - 3 scrolls of fear
 J - a scroll of blinking {unknown}
 L - a scroll of immolation {unknown}
Potions
 n - 3 potions of degeneration {unknown}
 o - a potion of lignification
 p - a potion of flight {unknown}
 u - a potion of magic {unknown}
 z - a potion of heal wounds {unknown}
 A - a potion of agility {unknown}
 D - a potion of haste
Books
 f - a book of Frost

   Spells                             Type                      Level
   a - Freeze                         Ice                          1
   b - Throw Frost                    Conjuration/Ice              2
   c - Ozocubu's Armour               Charms/Ice                   3
   d - Throw Icicle                   Conjuration/Ice              4
   e - Summon Ice Beast               Ice/Summoning                4
Comestibles
 c - 10 rations


   Skills:
 + Level 3.8 Fighting
 + Level 3.8 Short Blades
 + Level 3.8 Long Blades
 + Level 3.8 Axes
 + Level 3.8 Maces & Flails
 + Level 3.8 Polearms
 + Level 3.8 Staves
 + Level 3.8 Slings
 + Level 3.8 Bows
 + Level 3.8 Crossbows
 + Level 3.8 Throwing
 + Level 3.8 Armour
 + Level 6.0 Dodging
 + Level 5.7 Stealth
 + Level 3.8 Shields
 + Level 3.8 Unarmed Combat
 + Level 6.3 Spellcasting
 + Level 3.8 Conjurations
 + Level 3.1 Hexes
 + Level 3.1 Charms
 + Level 3.1 Summonings
 + Level 3.1 Necromancy
 + Level 3.1 Translocations
 + Level 3.1 Transmutations
 + Level 3.1 Fire Magic
 + Level 6.3 Ice Magic
 + Level 3.1 Air Magic
 + Level 3.1 Earth Magic
 + Level 3.1 Poison Magic
 + Level 4.2 Invocations
 + Level 3.8 Evocations


You had 6 spell levels left.
You knew the following spells:

 Your Spells              Type           Power        Failure   Level  Hunger
a - Freeze                Ice            ####         1%          1    None
b - Summon Ice Beast      Ice/Summ       ####....     12%         4    ###....
i - Throw Icicle          Conj/Ice       ####....     11%         4    ###....
j - Throw Frost           Conj/Ice       ####..       1%          2    None
o - Ozocubu's Armour      Chrm/Ice       ####....     3%          3    #......


Dungeon Overview and Level Annotations

Branches:
Dungeon (9/15)             Temple (1/1) D:7
   Lair: D:8-11         Orc: D:9-12

Altars:
Ashenzari
Cheibriados
Dithmenos
Elyvilon
Gozag
Makhleb
Nemelex Xobeh
Okawaru
Qazlal
Ru
Trog
Uskayaw
Vehumet
Wu Jian
Yredelemnul
Zin

Shops:
D:4 ?   D:9 (

Annotations:
D:9 Aelig's ghost, novice DrTm


Innate Abilities, Weirdness & Mutations

Your experience applies equally to all skills.
You have very sharp teeth.
Your uncanny sense of smell can sniff out nearby items.


Message History

M - 2 throwing nets {!f} You butcher the gnoll corpse.
Things that are here:
a halberd; 3 chunks of flesh Eat one of 3 chunks of flesh? (ye/n/q)
You eat one of the 3 chunks of flesh.
This raw flesh tastes terrible.
You are feeling hungry.
Things that are here:
a spear; a flail You see here a scroll of teleportation.
h - 8 scrolls of teleportation (gained 1) Aelig's ghost (novice Pale Draconian Transmuter) comes into view.
Press: ? - help, v - describe, . - travel
Here: Aelig's ghost (hasn't noticed you)
The floor.
Found a scroll of identify.
A quasit comes into view.
You see here 21 gold pieces.
You now have 201 gold pieces (gained 21).
The quasit gives a chilling moan.
The quasit misses you. The quasit closely misses you. x2
You hit the quasit but do no damage. Your bite misses the quasit.
The quasit barely misses you. The quasit claws you. x2
Casting: Freeze
Confirm with . or Enter, or press ? or * to list all spells.
Aiming: Throw Icicle
Press: ? - help, Shift-Dir - straight line, f - quasit
Aim: a quasit The shard of ice hits the quasit.
The quasit partially resists.
The quasit is severely wounded.
The quasit barely misses you. x2; The quasit closely misses you.
Casting: Throw Icicle
Confirm with . or Enter, or press ? or * to list all spells.
Aiming: Throw Icicle
Press: ? - help, Shift-Dir - straight line, f/p - quasit
Aim: a quasit (severely wounded)
The shard of ice hits the quasit.
The quasit partially resists.
You kill the quasit!
Cheibriados thoroughly appreciates the change of pace.
A troll comes into view.
Casting: Throw Icicle
Confirm with . or Enter, or press ? or * to list all spells.
Aiming: Throw Icicle
Press: ? - help, Shift-Dir - straight line, f - troll
Aim: a troll (hasn't noticed you)
The shard of ice hits the troll.
The troll is lightly wounded.
Casting: Throw Icicle
Confirm with . or Enter, or press ? or * to list all spells.
Aiming: Throw Icicle
Press: ? - help, Shift-Dir - straight line, f/p - troll
Aim: a troll (lightly wounded)
The shard of ice misses the troll.
Casting: Throw Icicle
Confirm with . or Enter, or press ? or * to list all spells.
Aiming: Freeze
Press: ? - help, Shift-Dir - straight line, f/p - troll
Aim: a troll You freeze the troll.
The troll is moderately wounded.
The troll bites you! The troll claws you! The troll completely misses you.
Casting: Freeze
Confirm with . or Enter, or press ? or * to list all spells.
Aiming: Freeze
Press: ? - help, Shift-Dir - straight line, f/p - troll
Aim: a troll (moderately wounded)
You freeze the troll.
The troll is heavily wounded.
The troll bites you!
* * * LOW HITPOINT WARNING * * *
The troll claws you!
* * * LOW HITPOINT WARNING * * *
The troll claws you!
* * * LOW HITPOINT WARNING * * *
Casting: Freeze
Confirm with . or Enter, or press ? or * to list all spells.
Aiming: Freeze
Press: ? - help, Shift-Dir - straight line, f/p - troll
Aim: a troll (heavily wounded)
You freeze the troll.
The troll is heavily wounded.
The troll closely misses you. The troll barely misses you.
The troll closely misses you.
Casting: Freeze
Confirm with . or Enter, or press ? or * to list all spells.
Aiming: Freeze
Press: ? - help, Shift-Dir - straight line, f/p - troll
Aim: a troll (heavily wounded)
You freeze the troll.
The troll is severely wounded.
The troll completely misses you.
The troll claws you but does no damage. x2
Casting: Freeze
Confirm with . or Enter, or press ? or * to list all spells.
Aiming: Freeze
Press: ? - help, Shift-Dir - straight line, f/p - troll
Aim: a troll (severely wounded)
You freeze the troll.
The troll is severely wounded.
The troll bites you!
You die...

#.#....∩###
##.#........
###########........###
............#.#...##
######...........#
#.....##.###..#
########.....##.# #..#
#......T........? ....#
#.######@....##.###...#
............##.# .....
..####.##.####. ∆.....
∆ ∆ #. #.# ∆ #. .# #.
.# #. #.


You could see a troll.

Vanquished Creatures
  Grinder (D:3)
  Edmund (D:4)
  An orc warrior (D:7)
  3 sky beasts
  A centaur (D:8)
  A bullfrog (D:6)
  2 scorpions
  2 killer bees (D:8)
  A crimson imp (D:8)
  3 hounds
  2 quasits
  A centaur skeleton (D:4)
  3 orc priests
  3 jellies
  Jessica (D:3)
  Natasha (D:2)
  A worker ant (D:4)
  A hound skeleton (D:8)
  11 gnolls
  5 adders
  5 shadow imps
  4 worms
  A dart slug (D:2)
  A leopard gecko (D:5)
  6 orcs
  A giant cockroach (D:2)
  7 goblins
  9 hobgoblins
  6 kobolds
  4 quokkas (D:5)
  5 bats
  4 frilled lizards
  3 rats
101 creatures vanquished.

Vanquished Creatures (collateral kills)
  2 killer bees (D:8)
  An orc (D:7)
3 creatures vanquished.

Grand Total: 104 creatures vanquished

Notes
Turn   | Place    | Note
-------+----------+-------------------------------------------
     0 | D:1      | tidbits the Gnoll Ice Elementalist began the quest for the Orb.
     0 | D:1      | Reached XP level 1. HP: 13/13 MP: 6/6
    63 | D:1      | Reached skill level 2 in Conjurations
   103 | D:2      | Reached XP level 2. HP: 11/20 MP: 2/7
   108 | D:2      | Learned a level 2 spell: Throw Frost
   129 | D:2      | Reached skill level 5 in Spellcasting
   129 | D:2      | Reached XP level 3. HP: 9/25 MP: 0/9
   261 | D:3      | Noticed Jessica
   262 | D:3      | Killed Jessica
   262 | D:3      | Reached skill level 1 in Fighting
   262 | D:3      | Reached skill level 1 in Short Blades
   262 | D:3      | Reached skill level 1 in Long Blades
   262 | D:3      | Reached skill level 1 in Axes
   262 | D:3      | Reached skill level 1 in Maces & Flails
   262 | D:3      | Reached skill level 1 in Polearms
   262 | D:3      | Reached skill level 1 in Staves
   262 | D:3      | Reached skill level 1 in Slings
   262 | D:3      | Reached skill level 1 in Bows
   262 | D:3      | Reached skill level 1 in Crossbows
   262 | D:3      | Reached skill level 1 in Throwing
   262 | D:3      | Reached skill level 1 in Armour
   262 | D:3      | Reached skill level 1 in Shields
   262 | D:3      | Reached skill level 1 in Unarmed Combat
   262 | D:3      | Reached skill level 1 in Invocations
   262 | D:3      | Reached skill level 1 in Evocations
   262 | D:3      | Reached XP level 4. HP: 24/32 MP: 8/11
   269 | D:4      | Found a transporter.
   403 | D:3      | Noticed Grinder
   404 | D:3      | Paralysed by Grinder for 3 turns
   426 | D:3      | Killed Grinder
   426 | D:3      | Reached skill level 1 in Hexes
   426 | D:3      | Reached skill level 1 in Charms
   426 | D:3      | Reached skill level 1 in Summonings
   426 | D:3      | Reached skill level 1 in Necromancy
   426 | D:3      | Reached skill level 1 in Translocations
   426 | D:3      | Reached skill level 1 in Transmutations
   426 | D:3      | Reached skill level 1 in Fire Magic
   426 | D:3      | Reached skill level 1 in Air Magic
   426 | D:3      | Reached skill level 1 in Earth Magic
   426 | D:3      | Reached skill level 1 in Poison Magic
   426 | D:3      | Reached skill level 2 in Invocations
   426 | D:3      | Reached XP level 5. HP: 38/38 MP: 12/12
   426 | D:3      | Reached XP level 6. HP: 44/44 MP: 14/14
   432 | D:3      | Learned a level 3 spell: Ozocubu's Armour
   437 | D:3      | Learned a level 4 spell: Throw Icicle
   569 | D:2      | Noticed Natasha
   585 | D:2      | Learned a level 4 spell: Summon Ice Beast
   633 | D:2      | Killed Natasha
   633 | D:2      | Reached skill level 5 in Dodging
   634 | D:2      | Reached skill level 2 in Fighting
   634 | D:2      | Reached skill level 2 in Short Blades
   634 | D:2      | Reached skill level 2 in Long Blades
   634 | D:2      | Reached skill level 2 in Axes
   634 | D:2      | Reached skill level 2 in Maces & Flails
   634 | D:2      | Reached skill level 2 in Polearms
   634 | D:2      | Reached skill level 2 in Staves
   634 | D:2      | Reached skill level 2 in Slings
   634 | D:2      | Reached skill level 2 in Bows
   634 | D:2      | Reached skill level 2 in Crossbows
   634 | D:2      | Reached skill level 2 in Throwing
   634 | D:2      | Reached skill level 2 in Armour
   634 | D:2      | Reached skill level 2 in Shields
   634 | D:2      | Reached skill level 2 in Unarmed Combat
   634 | D:2      | Reached skill level 2 in Evocations
   802 | D:4      | Found a transporter.
   825 | D:4      | Found Guijinit's Magic Scroll Shop.
   833 | D:4      | Reached XP level 7. HP: 29/50 MP: 10/15
   852 | D:4      | Bought a scroll of identify for 22 gold pieces
   852 | D:4      | Bought a scroll of teleportation for 33 gold pieces
   852 | D:4      | Bought a scroll of remove curse for 33 gold pieces
   852 | D:4      | Bought a scroll of fear for 38 gold pieces
   852 | D:4      | Bought a scroll of identify for 22 gold pieces
   865 | D:5      | Entered Level 5 of the Dungeon
   948 | D:4      | Noticed Edmund
   955 | D:4      | Killed Edmund
   955 | D:4      | Reached skill level 3 in Conjurations
   955 | D:4      | Reached skill level 2 in Hexes
   955 | D:4      | Reached skill level 2 in Charms
   955 | D:4      | Reached skill level 2 in Summonings
   955 | D:4      | Reached skill level 2 in Necromancy
   955 | D:4      | Reached skill level 2 in Translocations
   955 | D:4      | Reached skill level 2 in Transmutations
   955 | D:4      | Reached skill level 2 in Fire Magic
   955 | D:4      | Reached skill level 2 in Air Magic
   955 | D:4      | Reached skill level 2 in Earth Magic
   955 | D:4      | Reached skill level 2 in Poison Magic
  1073 | D:3      | Reached skill level 5 in Stealth
  1179 | D:5      | Reached skill level 3 in Invocations
  1211 | D:6      | Reached skill level 6 in Ice Magic
  1211 | D:6      | Reached XP level 8. HP: 19/57 MP: 8/16
  1321 | D:5      | Reached skill level 3 in Fighting
  1321 | D:5      | Reached skill level 3 in Short Blades
  1321 | D:5      | Reached skill level 3 in Long Blades
  1321 | D:5      | Reached skill level 3 in Axes
  1321 | D:5      | Reached skill level 3 in Maces & Flails
  1321 | D:5      | Reached skill level 3 in Polearms
  1321 | D:5      | Reached skill level 3 in Staves
  1321 | D:5      | Reached skill level 3 in Slings
  1321 | D:5      | Reached skill level 3 in Bows
  1321 | D:5      | Reached skill level 3 in Crossbows
  1321 | D:5      | Reached skill level 3 in Throwing
  1321 | D:5      | Reached skill level 3 in Armour
  1321 | D:5      | Reached skill level 3 in Shields
  1321 | D:5      | Reached skill level 3 in Unarmed Combat
  1321 | D:5      | Reached skill level 3 in Evocations
  1592 | D:7      | Reached skill level 6 in Spellcasting
  1599 | D:7      | Found a staircase to the Ecumenical Temple.
  1621 | Temple   | Entered the Ecumenical Temple
  1678 | Temple   | Became a worshipper of Cheibriados the Contemplative
  1868 | D:8      | Reached skill level 4 in Invocations
  1870 | D:8      | Reached skill level 3 in Hexes
  1870 | D:8      | Reached skill level 3 in Charms
  1870 | D:8      | Reached skill level 3 in Summonings
  1870 | D:8      | Reached skill level 3 in Necromancy
  1870 | D:8      | Reached skill level 3 in Translocations
  1870 | D:8      | Reached skill level 3 in Transmutations
  1870 | D:8      | Reached skill level 3 in Fire Magic
  1870 | D:8      | Reached skill level 3 in Air Magic
  1870 | D:8      | Reached skill level 3 in Earth Magic
  1870 | D:8      | Reached skill level 3 in Poison Magic
  2022 | D:8      | Reached skill level 6 in Dodging
  2022 | D:8      | Reached XP level 9. HP: 58/65 MP: 15/18
  2032 | D:9      | Found Toul's Weapon Boutique.
  2062 | D:9      | Reached * piety under Cheibriados
  2089 | D:9      | Noticed Aelig's ghost (novice DrTm)
  2106 | D:9      | Noticed a troll
  2115 | D:9      | Mangled by a troll

Skill      XL: |  1  2  3  4  5  6  7  8 |
---------------+-------------------------+-----
Conjurations   | 2 3 |  3.8
Spellcasting   | 5 6 |  6.3
Fighting       | 1 2 3 |  3.8
Short Blades   | 1 2 3 |  3.8
Long Blades    | 1 2 3 |  3.8
Axes           | 1 2 3 |  3.8
Maces & Flails | 1 2 3 |  3.8
Polearms       | 1 2 3 |  3.8
Staves         | 1 2 3 |  3.8
Slings         | 1 2 3 |  3.8
Bows           | 1 2 3 |  3.8
Crossbows      | 1 2 3 |  3.8
Throwing       | 1 2 3 |  3.8
Armour         | 1 2 3 |  3.8
Shields        | 1 2 3 |  3.8
Unarmed Combat | 1 2 3 |  3.8
Invocations    | 1 2 3 4 |  4.2
Evocations     | 1 2 3 |  3.8
Hexes          | 1 2 3 |  3.1
Charms         | 1 2 3 |  3.1
Summonings     | 1 2 3 |  3.1
Necromancy     | 1 2 3 |  3.1
Translocations | 1 2 3 |  3.1
Transmutations | 1 2 3 |  3.1
Fire Magic     | 1 2 3 |  3.1
Air Magic      | 1 2 3 |  3.1
Earth Magic    | 1 2 3 |  3.1
Poison Magic   | 1 2 3 |  3.1
Dodging        | 5 6 |  6.0
Stealth        | 5 |  5.7
Ice Magic      | 6 |  6.3

Action                   |  1- 3 |  4- 6 |  7- 9 || total
-------------------------+-------+-------+-------++-------
Melee: Unarmed           |       |    11 |       ||    11
       Short sword       |       |     5 |    13 ||    18
       Bite              |       |     2 |     7 ||     9
       Flail             |       |       |    24 ||    24
       Dagger            |       |       |     9 ||     9
 Fire: Hunting sling     |    23 |    18 |       ||    41
Throw: Stone             |       |     1 |       ||     1
 Cast: Freeze            |    16 |    34 |    71 ||   121
       Throw Frost       |       |     2 |    42 ||    44
       Ozocubu's Armour  |       |       |     7 ||     7
       Throw Icicle      |       |       |     9 ||     9
       Summon Ice Beast  |       |       |     3 ||     3
Evoke: Wand              |       |    16 |     1 ||    17
  Use: Potion            |       |     1 |       ||     1
       Scroll            |       |       |     7 ||     7
 Stab: Sleeping          |       |     3 |     3 ||     6
  Eat: Chunk             |       |       |     5 ||     5
Armor: Skin              |       |     9 |       ||     9
       Robe              |       |       |    34 ||    34
Dodge: Dodged            |    12 |    20 |    97 ||   129

Table legend:
 A = Turns spent in this place as a percentage of turns spent in the entire game.
 B = Non-inter-level travel turns spent in this place as a percentage of non-inter-level travel turns spent in the entire game.
 C = Inter-level travel turns spent in this place as a percentage of turns spent in this place.
 D = Turns resting spent in this place as a percentage of non-inter-level travel turns spent in this place.
 E = Turns spent auto-exploring this place as a percentage of non-inter-level travel turns spent in this place.
 F = Non-inter-level travel turns spent in this place divided by the number of levels of this place that you've seen.
                   A       B       C       D       E      F
               +-------+-------+-------+-------+-------+----------------------
         Total | 100.0 | 100.0 |   0.7 |   0.0 |   0.0 | 210.0
       Dungeon |  96.5 |  97.2 |   0.0 |   0.0 |   0.0 | 226.8
        Temple |   3.5 |   2.8 |  20.3 |   0.0 |   0.0 |  59.0
               +-------+-------+-------+-------+-------+----------------------

Table legend:
 A = Kills in this place as a percentage of kills in entire the game.
 B = Kills by you in this place as a percentage of kills by you in the entire game.
 C = Kills by friends in this place as a percentage of kills by friends in the entire game.
 D = Other kills in this place as a percentage of other kills in the entire game.
 E = Experience gained in this place as a percentage of experience gained in the entire game.
 F = Experience gained in this place divided by the number of levels of this place that you have seen.
                   A       B       C       D       E      F
               +-------+-------+-------+-------+-------+----------------------
         Total | 100.0 | 100.0 | 100.0 |   N/A | 100.0 | 256.5
       Dungeon | 100.0 | 100.0 | 100.0 |   N/A | 100.0 | 285.0
               +-------+-------+-------+-------+-------+----------------------

Vault maps used:
D:1:      lemuel_arrival_muddy
D:2:      st_stairs_8, minmay_misc_feat_plants, uniq_natasha
D:3:      minmay_crystal_water, nicolae_underground_beach, uniq_jessica,
          uniq_grinder
D:4:      gammafunk_wand_slinger, serial_shops, nicolae_shop_statue_plus,
          first_ration, uniq_edmund
D:6:      tso_metal_star, nicolae_ossuary_entry_monument
D:7:      xom_shifter_show, led_sif_pool, minmay_temple_entry_glass, uniq_pikel,
          uniq_duvessa
D:8:      grunt_temple_overflow_growth_and_decay, uniq_erica
D:9:      overflow_temple_1_default, serial_shops, shop
Temple:   eino_temple_rhombus
